Map: Stasis LE

Players

Bunny - Winner!

  • Race: Terran Terran
  • League: Bronze
  • Spawn Location: 1:00

herO

  • Race: Protoss Protoss
  • League: Grandmaster
  • Spawn Location: 11:00

Event: IEM Season 13 - Katowice Server Qualifiers Europe

VOD

Have the link to the VOD?

Description

Time

  • Played on: Jan. 8, 2019, 11:04 a.m.
  • Length: 10:56

All games in this series

Show
View Real Time Build Order
Export as new Build Order

Bunny Terran - Winner!

Build Orders: Reaper Expand 

Get SALT Encoding   

  12  0:00  SCV  
  13  0:13  SCV  
  14  0:17  Supply Depot  
  14  0:25  SCV  
  15  0:39  Barracks, SCV  
  16  0:44  Refinery  
  16  0:51  SCV  
  17  1:03  SCV  
  18  1:15  SCV  
  19  1:27  Reaper  
  19  1:28  Orbital Command  
  20  1:44  Command Center  
  20  1:53  SCV  
  21  1:59  Marine  
  21  2:00  Supply Depot  
  22  2:05  SCV  
  23  2:10  Factory  
  23  2:20  Barracks Reactor  
  23  2:21  SCV  
  24  2:24  Refinery  
  24  2:33  SCV  
  24  2:35  Barracks  
  25  2:45  SCV  
  26  2:54  Factory Tech Lab  
  26  2:57  Marine x2  
  26  2:58  SCV  
  29  3:00  Orbital Command  
  29  3:10  SCV  
  30  3:14  Cyclone  
  30  3:15  Marine x2  
  35  3:22  SCV  
  35  3:23  Barracks Tech Lab  
  35  3:26  SCV  
  37  3:34  SCV  
  37  3:35  Marine x2  
  37  3:38  SCV, Supply Depot  
  41  3:43  Marine  
  41  3:44  Stimpack  
  41  3:46  SCV  
  43  3:49  Widow Mine  
  43  3:50  SCV  
  46  4:00  Marine x2, Supply Depot  
  46  4:01  Marine  
  49  4:05  SCV x2  
  51  4:13  Barracks  
  51  4:17  SCV x2  
  51  4:19  Marine x2, Bunker  
  51  4:21  Marine  
  55  4:27  Factory Reactor  
  55  4:28  Starport  
  55  4:29  SCV x2  
  57  4:34  Supply Depot  
  57  4:37  Marine x2  
  59  4:39  Marine  
  59  4:43  SCV x2  
  61  4:53  Supply Depot  
  61  4:55  Refinery, SCV, Engineering Bay  
  61  4:56  SCV  
  65  5:00  Marauder x2  
  65  5:02  Marine  
  65  5:03  Marine  
  65  5:06  Combat Shield  
  69  5:09  Refinery  
  69  5:14  Medivac  
  69  5:15  Medivac  
  69  5:17  Factory Reactor  
  69  5:20  Marine x2  
  75  5:21  SCV  
  75  5:22  SCV  
  75  5:28  Supply Depot  
  76  5:30  Marauder  
  76  5:33  Terran Infantry Weapons Level 1  
  78  5:38  Marauder, Supply Depot  
  80  5:44  Medivac  
  82  5:50  Missile Turret  
  82  5:52  Medivac  
  82  5:55  SCV x2  
  86  6:02  Widow Mine x2  
  86  6:03  Marine x4  
  94  6:07  SCV  
  94  6:08  SCV  
  93  6:24  Command Center  
  86  6:30  Barracks  
  86  6:32  Barracks  
  85  6:33  Marine, Marauder  
  85  6:34  Marine, Marauder  
  93  6:43  Supply Depot  
  93  6:46  Starport  
  88  6:56  Marauder x2  
  88  6:57  Marine x2  
  88  7:01  Viking  
  96  7:05  Viking  
  90  7:10  SCV x2  
  90  7:22  Marauder  
  90  7:23  Marine, Marauder  
  90  7:24  Marine x3  
  90  7:25  Barracks Tech Lab  
  90  7:27  Starport Reactor, SCV x2  
  90  7:28  Terran Infantry Armor Level 1  
  96  7:33  Viking  
  96  7:36  Orbital Command  
  98  7:38  Concussive Shells  
  98  7:42  Viking  
  98  7:43  Marine  
  101  7:44  Marine  
  101  7:46  SCV x2  
  104  7:58  SCV x2  
  105  8:03  Viking  
  106  8:07  SCV  
  106  8:10  Marauder x2, SCV x2  
  106  8:11  Marauder, Viking  
  106  8:12  Marine x2  
  119  8:13  Marine x2  
  117  8:20  Viking x2  
  117  8:22  SCV  
  117  8:24  Supply Depot  
  122  8:30  Marine x3  
  125  8:39  Supply Depot  
  125  8:40  Supply Depot  
  125  8:45  Armory  
  125  8:46  Marine x2, Marauder, Medivac x2  
  133  9:00  Marine x3, Viking  
  133  9:01  Marauder  
  140  9:03  Marine x2  
  140  9:06  Viking  
  144  9:11  Marauder  
  144  9:16  Viking  
  148  9:18  Marine  
  148  9:19  Marine  
  149  9:33  Marine x2  
  149  9:40  Supply Depot  
  149  9:41  Supply Depot  
  149  9:44  Supply Depot  
  149  9:48  Marine  
  149  9:49  Marine  
  149  9:50  Marine  
  149  9:53  Marine, Marauder x2, Viking  
  149  9:54  Medivac  
  149  9:55  Viking  
  149  9:56  Viking  
  141  10:00  Marine  
  141  10:06  Marine, Marauder  
  129  10:08  Marine  
  129  10:11  Marine  
  127  10:14  Marauder x2  
  127  10:17  Marine  
  123  10:23  Ghost Academy, Medivac  
  123  10:24  Marine, Medivac  
  123  10:25  Refinery  
  123  10:26  Marine, SCV x3  
  123  10:27  Marauder, Refinery  
  128  10:28  Marine  
  128  10:34  Command Center  
  130  10:35  Marine  
Show
View Real Time Build Order
Export as new Build Order

herO Protoss 

Build Orders: 1 Gate Expand, Oracle Opening 

Get SALT Encoding   

  12  0:00  Probe  
  13  0:13  Probe  
  14  0:17  Pylon  
  14  0:24  Probe  
  15  0:32  Probe  
  15  0:37  Gateway  
  15  0:40  Probe  
  16  0:47  Assimilator  
  17  0:51  Probe  
  18  1:03  Probe  
  19  1:15  Probe  
  20  1:25  Nexus  
  20  1:35  Cybernetics Core  
  20  1:37  Probe  
  21  1:44  Assimilator  
  21  1:49  Probe  
  22  1:54  Pylon  
  22  2:01  Probe  
  22  2:03  Adept  
  23  2:14  Probe  
  25  2:23  Stargate  
  25  2:25  Warp Gate  
  25  2:26  Probe  
  26  2:32  Adept  
  28  2:38  Probe x2  
  30  2:47  Probe  
  30  2:50  Probe  
  32  2:54  Oracle  
  32  2:55  Probe  
  32  3:02  Probe  
  32  3:05  Probe  
  38  3:14  Probe  
  38  3:17  Probe, Pylon  
  38  3:18  Assimilator  
  40  3:26  Oracle, Probe  
  41  3:29  Probe  
  41  3:30  Assimilator  
  45  3:39  Gateway  
  45  3:40  Probe  
  46  3:41  Probe  
  47  3:48  Pylon  
  47  3:51  Probe  
  47  3:52  Probe  
  49  3:59  Probe  
  49  4:03  Phoenix  
  49  4:04  Probe  
  49  4:08  Probe  
  53  4:15  Fleet Beacon  
  54  4:17  Probe  
  54  4:21  Probe  
  56  4:26  Pylon  
  56  4:34  Zealot  
  56  4:36  Shield Battery  
  58  4:49  Tempest  
  58  4:50  Probe x2  
  60  4:53  Gateway  
  60  4:55  Sentry, Zealot  
  69  5:02  Pylon  
  69  5:07  Forge, Twilight Council  
  69  5:23  Tempest  
  69  5:32  Nexus  
  69  5:33  Shield Battery  
  74  5:37  Pylon  
  74  5:38  Sentry  
  74  5:40  Sentry  
  78  5:44  Protoss Ground Armor Level 1  
  78  5:45  Charge  
  78  5:52  Gateway  
  78  5:55  Gateway  
  78  6:00  Zealot  
  78  6:01  Zealot  
  78  6:02  Tempest  
  82  6:14  Probe x2  
  85  6:25  Zealot x2  
  80  6:26  Zealot  
  82  6:33  Probe x2, Pylon  
  82  6:35  Tempest  
  85  7:00  Zealot x3  
  91  7:03  Probe x2  
  91  7:05  Probe  
  85  7:12  Tempest  
  85  7:13  Phoenix  
  88  7:26  Probe x2  
  88  7:27  Probe  
  91  7:31  Pylon  
  91  7:38  Probe x2  
  91  7:42  Protoss Ground Armor Level 2  
  93  7:45  Probe  
  93  7:47  Probe x2  
  93  7:49  Pylon  
  96  7:59  Probe  
  96  8:00  Templar Archives, Probe  
  96  8:03  Probe  
  97  8:12  Probe x2  
  99  8:15  Probe, Pylon  
  98  8:20  Photon Cannon  
  98  8:23  Psionic Storm  
  98  8:24  Probe x2  
  100  8:27  Probe  
  101  8:36  Probe x2  
  101  8:39  Probe  
  101  8:40  High Templar x2  
  101  8:41  High Templar  
  110  8:46  High Templar  
  112  8:48  Shield Battery  
  110  8:56  Gateway  
  110  8:57  Gateway  
  110  9:00  Zealot  
  110  9:01  Pylon  
  112  9:03  Probe x2  
  112  9:05  Probe  
  115  9:22  High Templar x2  
  115  9:23  Zealot x3  
  125  9:27  Gateway  
  125  9:28  Gateway, Pylon  
  120  9:41  Pylon  
  120  9:44  Stalker x3  
  108  9:53  Tempest  
  108  9:54  Zealot x2  
  84  10:07  Archon  
  84  10:08  Archon  
  84  10:09  Zealot x5  
  80  10:15  Zealot x2  
  58  10:29  Zealot x5  
  56  10:35  Zealot x2  
  44  10:50  High Templar x3  
  44  10:51  High Templar, Zealot  

Tags
 
Add a new tag
Caveats
  • Supply blocks, unpowered buildings, or Contaminate may cause inaccurate times.
  • Supply counts are checked every 10 seconds.